 Dungeon Crawl Stone Soup version 0.26.1-2-gb8aa6d0cf2 (webtiles) character file.

Game seed: 5436626690721592686

446 Gadfly the Skirmisher (level 7, -16/70 HPs)
             Began as an Ogre Monk on Feb 13, 2021.
             Killed from afar by Dowan (17 damage)
             ... with a shard of ice
             ... on level 4 of the Dungeon on Feb 14, 2021.
             The game lasted 00:11:36 (5443 turns).

Gadfly the Skirmisher (Ogre Monk)                   Turns: 5443, Time: 00:11:37

Health: -16/70     AC:  4    Str: 18    XL:     7   Next: 3%
Magic:  9/9        EV: 10    Int: 11    God:
Gold:   173        SH:  0    Dex: 11    Spells: 4/6 levels left

rFire    . . .     SeeInvis .   b - +0 short sword (venom)
rCold    . . .     Faith    .   (no shield)
rNeg     + . .     Spirit   .   n - +1 robe
rPois    .         Reflect  .   (helmet restricted)
rElec    .         Harm     .   (no cloak)
rCorr    .         Rampage  .   (gloves unavailable)
Will     .....                  (boots unavailable)
Stlth    ++........             q - amulet of the acrobat
HPRegen  0.21/turn              i - ring of positive energy
MPRegen  0.11/turn              (no ring)

@: no status effects
A: large, unfitting armour, tough skin 1
a: no special abilities


You were on level 4 of the Dungeon.
You visited 1 branch of the dungeon, and saw 4 of its levels.
You also visited: Sewer.

You collected 173 gold pieces.

Inventory:

Hand Weapons
 a - a +1 mace of protection
 b - a +0 short sword of venom (weapon)
Missiles
 d - 127 stones (quivered)
 o - 10 javelins
Armour
 n - a +1 robe (worn)
Jewellery
 i - a ring of positive energy (left hand)
 q - an amulet of the acrobat (around neck)
 r - an uncursed ring of wizardry {unknown}
Wands
 m - a wand of flame (9)
Scrolls
 c - 4 scrolls of teleportation
 f - 6 scrolls of remove curse
 k - a scroll of magic mapping
 s - a scroll of fear {unknown}
 t - a scroll of identify
Potions
 e - 2 potions of heal wounds
 g - 3 potions of flight
 h - a potion of mutation {unknown}
 j - 5 potions of curing
 l - 2 potions of lignification
 p - a potion of berserk rage {unknown}


   Skills:
 - Level 4.0 Fighting
 + Level 3.3 Maces & Flails
 * Level 3.1 Throwing
 * Level 2.5 Armour
 - Level 2.6 Dodging
 - Level 1.4 Stealth
 * Level 3.2 Invocations
 * Level 2.4 Evocations


You had 4 spell levels left.
You knew the following spells:

 Your Spells              Type           Power        Failure   Level
a - Blink                 Tloc           N/A          47%         2

Your spell library contained the following spells:

 Spells                   Type           Power        Failure   Level
 Magic Dart               Conj           0%           34%         1
 Call Imp                 Summ           0%           47%         2
 Slow                     Hex            0%           47%         2
 Conjure Flame            Conj/Fire      0%           71%         3
 Mephitic Cloud           Conj/Pois/Air  0%           71%         3


Dungeon Overview and Level Annotations

Branches:
Dungeon (4/15)              Sewer (visited)
 Temple: D:4-7

Altars:
Makhleb

Annotations:
D:4 Dowan


Innate Abilities, Weirdness & Mutations

You are too large for most types of armour.
You have tough skin. (AC +1)


Message History

Dowan gestures at you while chanting. The shard of ice hits you!!
* * * LOW HITPOINT WARNING * * *
Dowan mumbles some strange words.
Dowan blinks!
Dowan says, "How can I live without her?"
There is a stone staircase leading up here.
Dowan shakes with grief.
You climb upwards.
There is a stone staircase leading down here.
You climb downwards.
Level annotation: Dowan Dowan casts a spell at you.
The stone arrow hits you!
* * * LOW HITPOINT WARNING * * *
There is a stone staircase leading up here.
Dowan is no longer moving quickly.
Dowan points at you and mumbles some strange words.
The shard of ice hits you!
You die...

......### #.#.# ..# .).......
#.#.# ...#
.....##.#########.#>######...##
.....# ................ยง....#
.....# #.............##.#.#
........ #.......###.# #.###.##
#.......# #.# #.# .#
#.......###.## #.# #
#..@e........# ..#
#.......###).# ### #.......#
#..# #.......# #..# #####.###
#..# #.# #..# ... ...# .....
..... ##.## ###.#


You could see Dowan.

Vanquished Creatures
  Duvessa (D:4)
  An ogre (D:4)
  A big kobold (Sewer)
  A worker ant (D:4)
  2 adders (D:3)
  2 river rats (Sewer)
  An ufetubus (D:2)
  2 oozes
  4 worms
  3 dart slugs (D:1)
  5 leopard geckos
  9 orcs
  2 giant cockroaches
  11 goblins
  3 hobgoblins
  7 jackals
  4 quokkas
  9 bats
  2 frilled lizards
  12 kobolds
  18 rats
100 creatures vanquished.

Notes
Turn   | Place    | Note
-------+----------+-------------------------------------------
     0 | D:1      | Gadfly the Ogre Monk began the quest for the Orb.
     0 | D:1      | Reached XP level 1. HP: 24/24 MP: 1/1
   289 | D:1      | Reached XP level 2. HP: 22/32 MP: 2/2
   650 | D:1      | Reached skill level 1 in Invocations
   931 | D:1      | Reached skill level 1 in Throwing
  1087 | D:1      | Reached XP level 3. HP: 39/39 MP: 3/3
  1295 | D:2      | Reached skill level 1 in Evocations
  1626 | D:2      | Reached skill level 1 in Armour
  2138 | D:2      | Found a burning altar of Makhleb.
  2222 | D:2      | Reached XP level 4. HP: 30/48 MP: 5/5
  2938 | D:3      | Found a glowing drain.
  2949 | Sewer    | Entered a sewer
  3078 | Sewer    | Noticed a big kobold
  3111 | Sewer    | Killed a big kobold
  3112 | Sewer    | Reached XP level 5. HP: 30/54 MP: 6/6
  3270 | Sewer    | Found a white marble altar of Elyvilon.
  4410 | D:3      | Reached XP level 6. HP: 62/62 MP: 7/7
  4672 | D:3      | Learned a level 2 spell: Blink
  5155 | D:4      | Noticed Dowan
  5156 | D:4      | Noticed Duvessa
  5168 | D:4      | HP: 2/62 [Duvessa/+0 rapier (17)]
  5416 | D:4      | Killed Duvessa
  5417 | D:4      | Reached XP level 7. HP: 50/70 MP: 9/9
  5442 | D:4      | HP: 1/70 [Dowan/stone arrow (9)]
  5443 | D:4      | Killed from afar by Dowan

Illustrated notes

Levels and vault maps discovered:
D:1:      dpeg_arrival_rooms_a, layout_loops_corners, serial_park_tiny_1,
          st_stairs_13
D:2:      layout_loops_ring, general_overflow_altar, grunt_ministairs_14
D:3:      minmay_diamond_boxcup, layout_basic, cheibrodos_sewer_entry_drain,
          kennysheep_decorative_pillar, kennysheep_generic_room_2
D:4:      layout_loops_ring, uniq_duvessa

Skill      XL: |  1  2  3  4  5  6 |
---------------+-------------------+-----
Invocations    | 1 2 3 |  3.2
Throwing       | 1 2 3 |  3.1
Evocations     | 1 2 |  2.4
Armour         | 1 2 |  2.5
Maces & Flails | 3 |  3.3
Fighting       | |  4.0
Dodging        | |  2.6
Stealth        | |  1.4

Action                   |  1- 3 |  4- 6 |  7- 9 || total
-------------------------+-------+-------+-------++-------
Melee: Mace              |   187 |   132 |       ||   319
       Short sword       |       |   110 |     4 ||   114
Throw: Stone             |       |    13 |       ||    13
  Use: Scroll            |     6 |     5 |       ||    11
       Potion            |     1 |     2 |       ||     3
 Stab: Sleeping          |     4 |     5 |       ||     9
Armor: Robe              |    65 |    69 |     1 ||   135
Dodge: Dodged            |   169 |   153 |     4 ||   326
